 Dungeon Crawl Stone Soup version 0.28.0-49-g6dfe1f597d (console) character file.

Game seed: 4713203900434308839

37 Faeu the Chopper (level 3, 0/33 HPs)
             Began as a Minotaur Berserker on May 15, 2022.
             Was a Believer of Trog.
             Killed by divine providence
             ... invoked by an orc priest
              (13 damage)
             ... on level 2 of the Dungeon.
             The game lasted 00:01:38 (1643 turns).

Faeu the Chopper (Minotaur Berserker)               Turns: 1643, Time: 00:01:39

Health: 0/33       AC:  2    Str: 23    XL:     3   Next: 23%
Magic:  2/2        EV: 12    Int:  4    God:    Trog [**....]
Gold:   91         SH:  0    Dex:  9    Spells: 2/2 levels left

rFire   . . .      SeeInvis .   a - +0 hand axe {axe}
rCold   . . .      Faith    .   (no shield)
rNeg    . . .      Spirit   .   b - +0 animal skin
rPois   .          Reflect  .   (helmet restricted)
rElec   .          Harm     .   (no cloak)
rCorr   .          Rampage  .   (no gloves)
Will    .....                   (no boots)
Stlth   +.........              (no amulet)
HPRegen 0.11/turn               (no ring)
MPRegen 0.08/turn               (no ring)

@: no status effects
A: horns 2, retaliatory headbutt
a: Renounce Religion, Berserk, Trog's Hand


You were on level 2 of the Dungeon.
You worshipped Trog.
Trog was pleased with you.
You visited 1 branch of the dungeon, and saw 2 of its levels.

You collected 91 gold pieces.


Innate Abilities, Weirdness & Mutations

You have a pair of horns on your head.
You reflexively headbutt those who attack you in melee.


   Skills:
 + Level 4.1 Fighting
 + Level 4.1 Axes
 + Level 3.0 Armour
 + Level 2.7 Dodging


You had 2 spell levels left.
You didn't know any spells.
Your spell library was empty.

Inventory:

Hand Weapons
 a - a +0 hand axe (weapon) {axe}
Armour
 b - a +0 animal skin (worn)
Scrolls
 c - a scroll of identify {unknown}
Potions
 d - a potion of attraction {unknown}
 e - a potion of haste {unknown}
 f - a potion of might {unknown}
 g - 2 potions of flight {unknown}

Dungeon Overview and Level Annotations

Branches:
Dungeon (2/15)

Altars:

### ..###### .......#
.......##### .......#...#
.......#...#
##.....#..(##############
......o†...oo.Ko@.>......
##.....#...###o###.######
...........# #.# .#
...........# #.# .#
...........# #.. .#
........†### ### ##
.........# ....[....#
.........# .........#
.......†.#


You could see an orc priest, 3 orcs and a kobold.


Message History

Increase (S)trength, (I)ntelligence, or (D)exterity?
You feel stronger. x2 😕 HP[+6] MP[+1]
You now have 33 max hp (+6).
You regained 6 hp, and now have 32/33 hp.
Your mp is fully restored (2).
HP restored.
You see here a worm corpse.
e - a green potion No target in view! 😎 HP[+1]
A hobgoblin comes into view.
You hit the hobgoblin. Your headbutt misses the hobgoblin.
The hobgoblin barely misses you.
You slash the hobgoblin!
You kill the hobgoblin!
Trog accepts your kill.
You can now call upon Trog for regeneration and willpower.
You see here a hobgoblin corpse.
There is a stone staircase leading down here.
A rat comes into view.
An endoplasm comes into view.
A rat comes into view.
The rat misses you.
You completely miss the rat. The rat bites you but does no damage.
You hit the rat.
You kill the rat!
Trog accepts your kill.
You completely miss the endoplasm.
The endoplasm jiggles.
The endoplasm freezes you.
You are frozen. 😕 HP[-5]
You take 5 damage, and now have 28/33 hp.
The endoplasm hits you.
You see here a rat corpse.
You barely miss the endoplasm. You hit the rat.
You kill the rat!
Trog accepts your kill. The endoplasm closely misses you.
The endoplasm barely misses you.
You hit the endoplasm. You headbutt the endoplasm.
You kill the endoplasm!
Trog accepts your kill.
A bat comes into view.
The bat hits you but does no damage.
You slash the bat!
You kill the bat!
Trog accepts your kill. 😎 HP[+5]
You see here a bat corpse.
A rat comes into view.
You see here a ruby potion.
The rat bites you. 😕 HP[-2]
You take 2 damage, and now have 31/33 hp.
You barely miss the rat. Your headbutt misses the rat.
The rat barely misses you.
You slash the rat!
You kill the rat!
Trog accepts your kill.
You see here a rat corpse. 😕 HP[+1]
f - a coppery potion You now have 91 gold pieces (gained 11).
You see here a rat corpse.
g - a ruby potion No target in view! 😎 HP[+1]
You see here a rat corpse.
g - 2 ruby potions (gained 1)
An orc, an orc priest, a kobold and a worm come into view.
The orc priest shouts!
The orc shouts!
An orc comes into view. It is wielding a +0 mace.
The kobold moves out of view.
You hear a shout! 2 orcs come into view.
The orc shouts! x3; The kobold shouts!
A goblin comes into view. It is wielding a +0 dagger.
The kobold throws a stone.
The stone misses you.
The kobold throws a stone.
The stone closely misses you.
The kobold throws a stone.
The stone barely misses you.
You see here a rat corpse.
The kobold throws a stone.
The stone hits you. 😕 HP[-1]
You take 1 damage, and now have 32/33 hp.
The orc priest invokes the aid of Beogh against you.
Beogh smites you! 😮 HP[-13]
You take 13 damage, and now have 19/33 hp.
MASSIVE DAMAGE!! (PAUSE) 😮 HP[+1]
The orc barely misses you.
You slash the orc!
You kill the orc!
Trog accepts your kill.
You closely miss the orc. The orc hits you with a +0 mace!
* * * LOW HITPOINT WARNING * * *
The orc priest calls down the wrath of Beogh upon you.
Beogh smites you!
You die...

Skill      XL: |  1  2 |
---------------+-------+-----
Fighting       | 4 |  4.1
Axes           | 4 |  4.1
Armour         | 3 |  3.0
Dodging        | |  2.7

Action                   || total
-------------------------++-------
Melee: Hand axe          ||    70
       Headbutt          ||     8
 Stab: Sleeping          ||     1
Armor: Animal skin       ||    12
Dodge: Dodged            ||    45

Levels and vault maps discovered:
D:1:      dpeg_arrival_brainrot, layout_loops_ring,
          hellmonk_ecumenical_altar_zigzags
D:2:      layout_basic, grunt_decor_fettered

Notes
Turn   | Place    | Note
-------+----------+-------------------------------------------
     0 | D:1      | Faeu the Minotaur Berserker began the quest for the Orb.
     0 | D:1      | Reached XP level 1. HP: 19/19 MP: 0/0
     0 | D:1      | magus.rc [v1.9.6]
   137 | D:1      | Found a faded altar of an unknown god.
   302 | D:1      | Reached XP level 2. HP: 14/27 MP: 1/1
  1090 | D:1      | Reached skill level 4 in Fighting
  1185 | D:1      | Reached skill level 4 in Axes
  1426 | D:2      | Reached skill level 3 in Armour
  1459 | D:2      | Reached XP level 3. HP: 32/33 MP: 2/2
  1508 | D:2      | Reached ** piety under Trog
  1643 | D:2      | Killed from afar by an orc priest

Vanquished Creatures
  2 worms
  An orc (D:2)
  A ball python (D:1)
  4 bats
  2 endoplasms
  A giant cockroach (D:2)
  2 hobgoblins
  3 jackals (D:1)
  2 kobolds (D:1)
  2 quokkas (D:1)
  2 goblins (D:1)
  6 rats
28 creatures vanquished.

Table legend:
 A = Non-vault XP
 B = Vault XP
 C = Vault XP percentage of total XP
 D = Non-vault monster count
 E = Vault monster count
 F = Vault count percentage of total count
                 A         B        C        D         E       F
            +---------+---------+-------+---------+---------+-------
      Total |      49 |       5 |   9.3 |      27 |       1 |   3.6
            +---------+---------+-------+---------+---------+-------
        D:1 |      31 |       5 |  13.9 |      18 |       1 |   5.3
        D:2 |      18 |       0 |   0.0 |       9 |       0 |   0.0
            +---------+---------+-------+---------+---------+-------

Illustrated notes

Table legend:
 A = Kills in this place as a percentage of kills in entire the game.
 B = Kills by you in this place as a percentage of kills by you in the entire game.
 C = Kills by friends in this place as a percentage of kills by friends in the entire game.
 D = Other kills in this place as a percentage of other kills in the entire game.
 E = Experience gained in this place as a percentage of experience gained in the entire game.
 F = Experience gained in this place divided by the number of levels of this place that you have seen.
                   A       B       C       D       E      F
               +-------+-------+-------+-------+-------+----------------------
         Total | 100.0 | 100.0 |   N/A |   N/A | 100.0 |  27.0
       Dungeon | 100.0 | 100.0 |   N/A |   N/A | 100.0 |  27.0
               +-------+-------+-------+-------+-------+----------------------

Table legend: (Time is in decaauts)
 A = Elapsed time spent in this place.
 B = Non-inter-level travel time spent in this place.
 C = Inter-level travel time spent in this place.
 D = Time resting spent in this place.
 E = Time spent auto-exploring this place.
 F = Levels seen in this place.
 G = Mean time per level.
                   A        B        C        D        E       F      G
               +--------+--------+--------+--------+--------+-----+--------+
         Total |   1650 |   1648 |      2 |    191 |   1237 |   2 |  825.0 |
       Dungeon |   1650 |   1648 |      2 |    191 |   1237 |   2 |  825.0 |
               +--------+--------+--------+--------+--------+-----+--------+

Top non-repeatable levels by time:
     D:1: 1415 daAuts
     D:2: 234 daAuts
